 Dungeon Crawl Stone Soup version 0.23-a0-275-g0cf4261 (webtiles) character file.

1172 varaam the Charlatan (level 8, 0/61 (62) HPs)
             Began as a Demonspawn Artificer on Sept 21, 2018.
             Was a Believer of Okawaru.
             Slain by a bullfrog (2 damage)
             ... on level 6 of the Dungeon on Oct 2, 2018.
             The game lasted 00:16:34 (5240 turns).

varaam the Charlatan (Demonspawn Artificer)         Turns: 5240, Time: 00:16:34

HP:   0/61 (62)     AC:  8    Str: 13      XL:     8   Next: 18%
MP:   11/11         EV: 12    Int: 13      God:    Okawaru [**....]
Gold: 263           SH:  0    Dex: 14 (15) Spells: 7/7 levels left

rFire    . . .     SeeInvis +   p - +1 whip (drain)
rCold    + + .     Gourm    .   (no shield)
rNeg     . . .     Faith    .   m - +0 ring mail {rC+}
rPois    .         Spirit   .   (helmet restricted)
rElec    .         Reflect  .   r - +0 cloak
rCorr    .         Harm     .   (no gloves)
MR       .....                  (no boots)
Stlth    ++........             (no amulet)
HPRegen  0.20/turn              J - ring of protection from cold
MPRegen  0.12/turn              C - ring of see invisible

@: no status effects
A: antennae 2, molten scales 1, nightstalker 1
a: Heroism, Renounce Religion


You were on level 6 of the Dungeon.
You worshipped Okawaru.
Okawaru was pleased with you.
You were not hungry.

You visited 1 branch of the dungeon, and saw 6 of its levels.

You collected 263 gold pieces.

Inventory:

Hand Weapons
 a - a +0 short sword
 p - a +1 whip of draining (weapon)
 t - a +0 blowgun
Missiles
 h - 227 stones (quivered)
 n - 38 sling bullets
 u - 8 poisoned needles
 w - a throwing net
Armour
 b - a +0 leather armour
 m - a +0 ring mail of cold resistance (worn)
 r - a +0 cloak (worn)
Jewellery
 x - an uncursed ring of flight
 C - a ring of see invisible (right hand)
 J - a ring of protection from cold (left hand)
Wands
 c - a wand of flame (6)
 d - a wand of enslavement (13)
 e - a wand of random effects (6)
 G - a wand of scattershot (4)
 I - a wand of acid (3)
Scrolls
 g - 2 scrolls of remove curse
 i - 3 scrolls of amnesia
 j - 11 scrolls of identify
 k - 2 scrolls of noise {unknown}
 l - 2 scrolls of magic mapping
 o - 2 scrolls of fear {unknown}
 s - 3 scrolls of blinking {unknown}
 v - 2 scrolls of fog {unknown}
 y - a scroll of enchant weapon {unknown}
 B - 2 scrolls of teleportation
Potions
 q - a potion of heal wounds
 z - 2 potions of degeneration {unknown}
 A - 2 potions of lignification {unknown}
 D - a potion of brilliance {unknown}
 E - a potion of haste {unknown}
 F - a potion of experience {unknown}
Comestibles
 f - 13 rations
 H - a chunk of flesh


   Skills:
 - Level 5.0 Fighting
 - Level 0.8 Short Blades
 + Level 4.2 Maces & Flails
 + Level 3.2 Armour
 - Level 3.6 Dodging
 - Level 0.8 Stealth
 - Level 5.2 Evocations


You had 7 spell levels left.
You didn't know any spells.
Your spell library was empty.

Dungeon Overview and Level Annotations

Branches:
Dungeon (6/15)             Temple (0/1) D:6

Altars:
Cheibriados
Gozag
Makhleb
Okawaru
Ru
The Shining One

Shops:
D:5 ?


Innate Abilities, Weirdness & Mutations

You have a pair of antennae on your head.
You are partially covered in molten scales. (AC +2)
You are slightly more attuned to the shadows.


Message History

The bullfrog hits you but does no damage. x2
You hit the bullfrog. You drain the bullfrog!
The bullfrog is almost dead.
The bullfrog barely misses you.
You closely miss the bullfrog.
The bullfrog is almost dead.
The bullfrog hits you.
* * * LOW HITPOINT WARNING * * *
You closely miss the bullfrog.
The bullfrog is almost dead.
The bullfrog releases a deep croak.
The bullfrog hits you.
* * * LOW HITPOINT WARNING * * *
The bullfrog hits you.
* * * LOW HITPOINT WARNING * * *
Unknown command.
You miss the bullfrog.
The bullfrog is almost dead.
The bullfrog hits you.
You die...

#.#................#
.................####
###.#....##......#
..#.##......####
...#....##..## ##
#.##......## ...
##...#<.# #####
#...##.#######
....##...##@.#....
..... #..#....F)...#
.... ###......##>###
...##.......###)# .
............{#.#
.###............#.##
...o..####.........#
..))o(###..###....##
.a.$ยง.##..####a...#


You could see a bullfrog.

Vanquished Creatures
  Eustachio (D:6)
  An orc warrior (D:6)
  A sky beast (D:5)
  A necrophage (D:5)
  A scorpion (D:4)
  2 howler monkeys
  2 crimson imps
  2 hounds
  3 orc priests
  Crazy Yiuf (D:2)
  An iron imp (D:4)
  An iguana (D:6)
  3 worker ants
  11 adders
  A gnoll (D:2)
  4 oozes (D:1)
  An adder skeleton (D:5)
  4 worms
  A dart slug (D:5)
  3 leopard geckos
  13 orcs
  2 ball pythons
  7 giant cockroaches
  11 goblins
  12 hobgoblins
  13 jackals
  7 kobolds
  A quokka (D:3)
  7 bats
  6 frilled lizards
  A leopard gecko skeleton (D:4)
  7 rats
132 creatures vanquished.

Vanquished Creatures (collateral kills)
  A goblin (D:2)
1 creature vanquished.

Vanquished Creatures (others)
  A hobgoblin (D:2)
1 creature vanquished.

Grand Total: 134 creatures vanquished

Notes
Turn   | Place    | Note
-------+----------+-------------------------------------------
     0 | D:1      | varaam the Demonspawn Artificer began the quest for the
                  | Orb.
     0 | D:1      | Reached XP level 1. HP: 15/15 MP: 3/3
     1 | D:1      | Found a runed door.
   223 | D:1      | Gained mutation: You are slightly more attuned to the
                  | shadows. [demonic ancestry]
   223 | D:1      | Reached XP level 2. HP: 19/21 MP: 4/4
   813 | D:2      | Found a sacrificial altar of Ru.
   945 | D:2      | Found a runed door.
  1000 | D:2      | Reached XP level 3. HP: 26/26 MP: 4/6
  1038 | D:2      | Found an iron altar of Okawaru.
  1047 | D:2      | Became a worshipper of Warmaster Okawaru
  1378 | D:2      | Reached XP level 4. HP: 19/33 MP: 7/7
  1759 | D:2      | Noticed Crazy Yiuf
  1772 | D:2      | Killed Crazy Yiuf
  1823 | D:2      | Gained mutation: You have a pair of small antennae on your
                  | head. [demonic ancestry]
  1823 | D:2      | Reached XP level 5. HP: 15/39 MP: 8/8
  2084 | D:3      | Reached skill level 1 in Maces & Flails
  2975 | D:4      | Gained mutation: You have a pair of antennae on your head.
                  | [demonic ancestry]
  2975 | D:4      | Reached XP level 6. HP: 27/48 MP: 9/9
  3022 | D:4      | Reached * piety under Okawaru
  3082 | D:4      | Found a burning altar of Makhleb.
  3528 | D:4      | Found an opulent altar of Gozag.
  3775 | D:5      | Entered Level 5 of the Dungeon
  4107 | D:5      | Reached skill level 5 in Evocations
  4107 | D:5      | Gained mutation: You are partially covered in molten
                  | scales. (AC +2) [demonic ancestry]
  4107 | D:5      | Reached XP level 7. HP: 48/54 MP: 10/10
  4147 | D:5      | Found Sitaopes's Magic Scroll Emporium.
  4386 | D:5      | Found a snail-covered altar of Cheibriados.
  4479 | D:5      | Reached skill level 5 in Fighting
  4975 | D:6      | Reached skill level 1 in Armour
  5017 | D:6      | Reached ** piety under Okawaru
  5131 | D:6      | Found a glowing golden altar of the Shining One.
  5153 | D:6      | Noticed Eustachio
  5163 | D:6      | Found a staircase to the Ecumenical Temple.
  5168 | D:6      | Upgraded the game from 0.23-a0-183-gf37f6fb to
                  | 0.23-a0-275-g0cf4261
  5198 | D:6      | Reached XP level 8. HP: 28/61 MP: 11/11
  5226 | D:6      | Killed Eustachio
  5239 | D:6      | HP: 2/61 [bullfrog (4)]
  5240 | D:6      | Slain by a bullfrog

Vault maps used:
D:1:      dpeg_arrival_caged_fury
D:2:      old_standard_altar, okawaru_altar_gauntlet_db, uniq_crazy_yiuf_cottage
D:3:      first_ration
D:4:      makhleb_grotto_becter, nicolae_gozag_cash_rules_everything_around_me,
          kennysheep_generic_room_3
D:5:      serial_shops, nicolae_shop_stone, kennysheep_slug_shrine
D:6:      marbit_many_paths, minmay_temple_entry_junction_2, uniq_eustachio

Skill      XL: |  1  2  3  4  5  6  7  8 |
---------------+-------------------------+-----
Evocations     | 4 5 |  5.2
Fighting       | 2 3 4 5 |  5.0
Dodging        | 2 3 |  3.6
Maces & Flails | 1 2 3 4 |  4.2
Armour         | 2 3 |  3.2
Short Blades   | |  0.8
Stealth        | |  0.8

Action                   |  1- 3 |  4- 6 |  7- 9 || total
-------------------------+-------+-------+-------++-------
Melee: Short sword       |    88 |    11 |       ||    99
       Mace              |    37 |       |       ||    37
       Whip              |    30 |   398 |   293 ||   721
       Punch             |       |       |     1 ||     1
 Fire: Blowgun           |       |     5 |       ||     5
Invok: Heroism           |       |     1 |     1 ||     2
Evoke: Wand              |     8 |     8 |     8 ||    24
  Use: Scroll            |     1 |     3 |       ||     4
 Stab: Sleeping          |    10 |     3 |     3 ||    16
  Eat: Chunk             |     1 |    10 |     4 ||    15
Armor: Leather armour    |    40 |       |       ||    40
       Ring mail         |    29 |   166 |   119 ||   314
Dodge: Dodged            |    96 |   209 |   162 ||   467

Table legend:
 A = Non-vault XP
 B = Vault XP
 C = Vault XP percentage of total XP
 D = Non-vault monster count
 E = Vault monster count
 F = Vault count percentage of total count
                 A         B        C        D         E       F
            +---------+---------+-------+---------+---------+-------
      Total |    1303 |     372 |  22.2 |     112 |      21 |  15.8
            +---------+---------+-------+---------+---------+-------
        D:1 |      28 |      44 |  61.1 |      17 |      11 |  39.3
        D:2 |      63 |      64 |  50.4 |      24 |       6 |  20.0
        D:3 |     130 |       0 |   0.0 |      30 |       0 |   0.0
        D:4 |     257 |      39 |  13.2 |      10 |       1 |   9.1
        D:5 |     411 |       4 |   1.0 |      15 |       1 |   6.2
        D:6 |     414 |     221 |  34.8 |      16 |       2 |  11.1
            +---------+---------+-------+---------+---------+-------
